AoeStats
← Dustin

Arabia

506197723Analyzed
1v1 RM · 19d ago on Sep 12, 2026· 48m 8s· 2 players
Game mode
Random Map
Map size
Tiny (2 player)
Population
200
Speed
Normal
Resources
Standard
Victory
Conquest
Starting age
Dark Age
Ending age
Imperial Age
RankedLock teamsTeams togetherTeam positionsShared explorationLock speedFull tech treeHidden civsTurbo modeCheats
Victory
Defeat
🇨🇳 Mapuche · China
1771
+11
🇩🇪 Poles · Germany
1654
-11
只会打步弓
6:25 Loom
8:53 Feudal Age
9:20 Double-Bit Axe
10:33 Town Watch
12:01 Horse Collar
13:49 Gold Mining
14:35 Fletching
22:30 Castle Age
22:24 Padded Archer Armor
23:41 Bodkin Arrow
23:12 Elite Skirmisher
26:47 Leather Archer Armor
36:42 Ballistics
44:06 Wheelbarrow
45:52 Bow Saw
51:08 Imperial Age
Dustin
6:11 Loom
6:40 Loom
8:59 Feudal Age
9:47 Double-Bit Axe
11:07 Horse Collar
20:43 Castle Age
19:30 Fletching
19:46 Padded Archer Armor
20:37 Wheelbarrow
21:36 Bow Saw
21:58 Crossbowman
22:29 Light Cavalry
25:11 Bodkin Arrow
26:47 Heavy Plow
27:39 Scale Mail Armor
29:04 Chain Mail Armor
28:59 Forging
40:09 Scale Barding Armor
43:45 Imperial Age
43:12 Bloodlines
43:03 Husbandry
43:24 Chain Barding Armor
43:14 Forging
46:02 Iron Casting
47:37 Winged Hussar
Connection lost

Rejoining the realm…

Still unreachable

The connection could not be restored.

Session expired

The server has moved on; the page needs a fresh start.